[Event "Italian-ch Teams-B 2022"]
[Site "Montesilvano"]
[Date "2022.04.23"]
[Round "7.3"]
[White "Lapiccirella, Daniele"]
[Black "Ortega, Lexy"]
[Result "1-0"]
[ECO "E43"]
[WhiteElo "2180"]
[BlackElo "2429"]
[Annotator "TA"]
[PlyCount "51"]
[EventDate "2022.04.19"]
[EventType "team-tourn"]
[EventCountry "ITA"]
[SourceTitle "playchess.com"]
[Source "ChessBase"]
[SourceQuality "1"]
[TimeControl "40/5400+30:1800+30"]

1. d4 Nf6 2. c4 e6 3. Nc3 Bb4 4. Nf3 Ne4 5. Qc2 f5 6. e3 b6 7. Bd3 Bb7 8. O-O Bxc3 {[%emt 0:14:38] 8...Nxc3 is more fashionable.} 9. bxc3 O-O 10. c5 {[%emt 0:32:20] E43: Nimzo-Indian: Rubinstein: 4...b6.} Rf6 {[%emt 0:14:10][%cal Oe4c5] was the old line (10...bxc5).} 11. cxb6 (11. Ne1 $14) 11... axb6 $11 12. Ne1 {[%emt 0:07:25] The position is equal.} Rh6 {[%emt 0:06:40] [#] Hoping for ...Qh4.} 13. g3 $146 {[%emt 0:08:02] Against Qh4} ({Predecessor:} 13. f3 Qh4 14. h3 Ng5 15. e4 f4 16. Rf2 Nc6 17. Bf1 Qg3 18. Kh1 Rg6 {0-1 (18) Ylisela,J-Pyhala,A (2385) Helsinki 1987}) 13... Ng5 14. f3 $1 c5 {[%emt 0:03:19] [#]} (14... d5 $11) 15. Rb1 $1 $16 Rg6 16. Qb3 Bc6 (16... Ba6 $16) 17. Qxb6 $18 Qe8 18. Qc7 ({Resist} 18. dxc5 Bd5) (18. Qxc5 $18 Na6 19. Qa5) 18... h5 19. h4 Nh3+ {[%emt 0:00:31][%mdl 8192] Loses the game.} (19... Nf7 $16 {is more resistant.} 20. Rf2 (20. dxc5 d6 $16) 20... Ba4) 20. Kh2 Rxa2+ 21. Kxh3 Kh7 22. Rxb8 Qe7 23. Qd8 {[%emt 0:00:48][%csl Gb8][%cal Rd8h8] [#]} Rxg3+ 24. Kxg3 Qd6+ 25. f4 {[%emt 0:00:23] Threatening mate with Qh8+.} Qd5 26. Nf3 {[%emt 0:00:31] Weighted Error Value: White=0.15 (very precise) /Black=1.28} 1-0

[Event "Italian-ch Teams-B 2022"]
[Site "Montesilvano"]
[Date "2022.04.23"]
[Round "7.4"]
[White "Pasini, Nicolo"]
[Black "Budyi, Danylo"]
[Result "1/2-1/2"]
[ECO "B24"]
[WhiteElo "2252"]
[BlackElo "1817"]
[Annotator "TA"]
[PlyCount "67"]
[EventDate "2022.04.19"]
[EventType "team-tourn"]
[EventCountry "ITA"]
[SourceTitle "playchess.com"]
[Source "ChessBase"]
[SourceQuality "1"]
[TimeControl "40/5400+30:1800+30"]

1. e4 c5 2. Nc3 e6 3. Nge2 Nc6 4. g3 d5 5. exd5 exd5 6. d4 cxd4 7. Nxd4 Nf6 8. Bg2 Be7 {[%emt 0:00:34] B24: Closed Sicilian: 3 g3 sidelines.} (8... Bg4 $5 9. f3 Bd7 $11) 9. Nde2 Be6 10. Bg5 {[%emt 0:00:00] [#]} Qa5 $146 {[%emt 0:09:59][%cal Od5d4] Strongly threatening ...d4!} ({Predecessor:} 10... O-O 11. O-O d4 12. Bxf6 Bxf6 13. Ne4 Bc4 14. Re1 Re8 15. Nf4 Be5 16. Qg4 Rf8 {1-0 (58) Vo,H (1924)-Huynh,A (1965) Ho Chi Minh City 2014}) 11. O-O O-O 12. Qd3 Rad8 13. Nf4 a6 (13... h6 $11 14. Nxe6 fxe6) 14. Nxe6 fxe6 15. Bh3 ({White should try} 15. Rae1 $14) 15... Rd6 (15... Kh8 $5 ) 16. Rae1 e5 {[%emt 0:04:56] Inhibits Bf4.} 17. Bxf6 Bxf6 {[%emt 0:07:17] [#]} (17... Rfxf6 $11 18. Rd1 Rh6) 18. Nxd5 $1 $16 Qxa2 (18... Qxd5 $2 19. Qxd5+ Rxd5 20. Be6+ Kh8 21. Bxd5 $18) 19. Bg2 {[%emt 0:02:42] White is more active.} Qxb2 (19... Rfd8 $142) 20. Rb1 Qd4 {[%emt 0:00:02] [#]} 21. Qb3 ({But not} 21. Rxb7 Qxd3 22. cxd3 Nd4 $16) (21. Qa3 $142 $1 Rfd8 22. Rfd1 (22. Nxf6+ Rxf6 23. Rxb7 Rdf8 $16)) 21... Kh8 22. Qxb7 (22. Qa3 $16 Rfd8 23. Nxf6 Rxf6 24. Rxb7) 22... Rxd5 $11 23. Qxc6 Rc5 24. Qxa6 Rxc2 25. Rbd1 Rd2 26. Rxd2 Qxd2 27. Qe6 Qd4 28. Bd5 (28. Bf3 {seems wilder.} Bd8 29. Rb1 Bc7 30. Rb7) 28... Qc5 29. Kg2 g6 30. f4 (30. Re1 $14) 30... exf4 {[%emt 0:00:38] The position is equal.} 31. Rxf4 Qe7 32. Qc6 Bg7 33. Re4 {[%emt 0:00:11] Against Qe2+} Qf6 34. Qxf6 {[%emt 0:01:03] Weighted Error Value: White=0.15 (very precise) /Black=0.20 (precise)} 1/2-1/2

[Event "Italian-ch Teams-B 2022"]
[Site "Montesilvano"]
[Date "2022.04.23"]
[Round "7.4"]
[White "Buonanno, Raffaele"]
[Black "Orfini, Nicolo`"]
[Result "1/2-1/2"]
[ECO "E81"]
[WhiteElo "2191"]
[BlackElo "2238"]
[Annotator "TA"]
[PlyCount "33"]
[EventDate "2022.04.19"]
[EventType "team-tourn"]
[EventCountry "ITA"]
[SourceTitle "playchess.com"]
[Source "ChessBase"]
[SourceQuality "1"]
[TimeControl "40/5400+30:1800+30"]

1. d4 Nf6 2. c4 g6 3. Nc3 Bg7 4. e4 d6 5. f3 O-O 6. Nge2 a6 7. Be3 b5 {[%emt 0:00:39] E81: King's Indian: Sämisch: 6th move deviations (including 6 Be3 c6).} 8. Nf4 c6 9. c5 (9. d5 $11) 9... dxc5 $15 {[%emt 0:09:48] Black is slightly better.} 10. dxc5 {[%emt 0:00:03] [#]} Nfd7 $146 ({Predecessor:} 10... Qc7 11. a4 Rd8 12. Qc2 e5 13. Nd3 Bb7 14. g3 Nbd7 15. Bh3 Nf8 16. O-O Bc8 {1-0 (61) Zubarev,A (2597)-Bravo Lutz,S (2245) Schwaebisch Gmuend 2012}) 11. Be2 {[%emt 0:23:21] The position is equal.} a5 12. Nd3 a4 {[%emt 0:02:28] And now ...a3 would win.} 13. a3 Na6 14. O-O Ne5 15. Nxe5 Bxe5 16. f4 Bg7 17. f5 {[%emt 0:09:14] Weighted Error Value: White=0.12 (very precise) /Black=0.06 (flawless)} 1/2-1/2

[Event "Italian-ch Teams-B 2022"]
[Site "Montesilvano"]
[Date "2022.04.23"]
[Round "7.4"]
[White "Andreoni, Giuseppe"]
[Black "Navarro, Stefano"]
[Result "0-1"]
[ECO "C41"]
[WhiteElo "2158"]
[BlackElo "2247"]
[Annotator "TA"]
[PlyCount "102"]
[EventDate "2022.04.19"]
[EventType "team-tourn"]
[EventCountry "ITA"]
[SourceTitle "playchess.com"]
[Source "ChessBase"]
[SourceQuality "1"]
[TimeControl "40/5400+30:1800+30"]

1. e4 e5 2. Nf3 d6 3. d4 exd4 4. Nxd4 Nf6 5. Nc3 Be7 6. Bc4 O-O 7. O-O a6 8. a4 Nc6 9. Re1 {[%emt 0:07:22] C41: Philidor Defence.} Nb4 10. h3 {[%emt 0:28:12] [#]} c6 $146 (10... c5 $11 11. Nf3 Be6) ({Predecessor:} 10... c5 11. Nf3 Be6 12. Nd5 Nfxd5 13. exd5 Bf5 14. Re2 Bf6 15. a5 Re8 16. c3 Rxe2 17. Bxe2 {1-0 (29) Akopian,V (2700)-Sitnikov,A (2450) Moscow 2008}) 11. Bf4 {[%emt 0:11:27] White is slightly better.} Re8 12. Bf1 h6 13. Bh2 c5 14. Nde2 d5 15. exd5 (15. e5 $14) 15... Nfxd5 (15... Bf5) 16. Nxd5 Nxd5 17. Nf4 Nf6 18. Qf3 $1 {[%emt 0:04:29] Threatens to win with Bc4.} Bd6 19. Nd5 (19. Bg3 $1 $16) 19... Rxe1 20. Nxf6+ Qxf6 21. Rxe1 Bxh2+ 22. Kxh2 Be6 23. Qxb7 Rd8 24. Qc7 Rd2 (24... c4 $16) 25. Bd3 {[%emt 0:01:43] White wants to mate with Qb8+.} g6 26. Qxc5 (26. Qb8+ Kh7 $11) 26... Rxf2 {[%emt 0:00:11] White must now prevent ...Qf3.} 27. Qe5 {[%emt 0:00:51] Hoping for Qxf6.} Qh4 (27... Qf3 $16 {was necessary.} 28. Qb8+ (28. Qg3 Qf6 $16) 28... Kg7) 28. Qg3 $1 $18 Qf6 {[%emt 0:00:53] [#]} 29. Qe5 {[%emt 0:01:09] Prevents Bd5.} ({Weaker is} 29. Bxa6 Rxc2 30. Qb8+ Kh7 $14) ({White should try} 29. Bxg6 $1 $18 fxg6 30. Rxe6 $1 Rxg2+ 31. Kxg2 Qxe6 32. Qb3 Qxb3 33. cxb3) 29... Qf3 (29... Qh4 $1 $11 30. Re3 Qxa4 31. Bxg6 Qf4+ 32. Qxf4 Rxf4) 30. Qg3 (30. Qb8+ $1 $16 Kg7 31. Qg3) 30... Qf6 {[%emt 0:00:44] [#]} 31. Rxe6 $2 fxe6 $11 32. Qxg6+ (32. Bxg6 $11 Kf8 33. Bd3 (33. Qb8+ Kg7 $11)) 32... Qxg6 $17 33. Bxg6 $18 {[%emt 0:00:01][%mdl 4096] Endgame KR-KB} a5 34. Kg3 Rd2 (34... Rf6 $1 $17 35. Bd3 e5) 35. Bd3 Kf7 {[%emt 0:00:11][%mdl 1024] Black has strong compensation.} 36. Kf3 Kf6 37. g3 (37. b3 $15) 37... Ke5 $17 38. Ke3 (38. h4 $17 {keeps fighting.}) 38... Rg2 $1 $19 39. Kf3 Rd2 (39... Rg1 $19 {...Rb1 is the strong threat.} 40. h4 Rb1) 40. h4 (40. Ke3 $1 $11 {was the only way to keep the balance.} Rg2 41. Kf3) 40... Kd4 (40... Rd1 $142 41. Kg4 Kd4) 41. g4 $17 Rh2 $1 {[%emt 0:24:18] Strongly threatening ...Rh3+.} 42. Kg3 {[%emt 0:08:10] [#] Prevents Rh3+.} (42. h5 $1 $15) 42... Rh1 $1 $19 43. g5 hxg5 44. hxg5 {[%emt 0:00:02] [#]} e5 $2 (44... Ke3 $1 $19 {aiming for ...Rg1+.} 45. Bc4 Rg1+ 46. Kh2 Rxg5 47. Bxe6 Rg6) 45. Kg4 $2 (45. Kf3 $11) 45... e4 46. Bb5 Ke5 {[%emt 0:07:16] ( -> ...Rg1+)} 47. c3 (47. Kg3 $19 Rg1+ 48. Kf2 Rxg5 49. Ke3) 47... Rg1+ {[%emt 0:00:00] Black mates.} 48. Kh5 Kf4 49. b4 Rxg5+ 50. Kh6 e3 51. Bc4 Re5 {[%emt 0:00:00] What a bad dream for White.  Weighted Error Value: White=0.70/Black=0.29 (precise)} (51... Rg2 $142 52. Ba6 axb4 53. cxb4 e2 54. Bxe2 Rxe2 55. Kg7 Ke5 56. b5 Ra2 57. Kf7 Rxa4 58. b6 Rg4 59. b7 Rb4 60. Kg7 Rxb7+ 61. Kg6 Ke6 62. Kg5 Rb4 63. Kg6 Rb5 64. Kg7 Rg5+ 65. Kh6 Kf6 66. Kh7 Rh5+ 67. Kg8 Rh3 68. Kf8 Rh8#) 0-1